 Dungeon Crawl Stone Soup version 0.27.1-3-gb3d3a73c9e (webtiles) character file.

Game seed: 12319396800618405810

29 horus123 the Ducker (level 3, -1/27 HPs)
             Began as a Human Gladiator on Oct 29, 2021.
             Was a Follower of Vehumet.
             Succumbed to an adder's poison
             ... on level 2 of the Dungeon.
             The game lasted 00:01:56 (1435 turns).

horus123 the Ducker (Human Gladiator)               Turns: 1435, Time: 00:01:56

Health: -1/27      AC:  4    Str: 14    XL:     3   Next: 32%
Magic:  3/3        EV: 12    Int:  8    God:    Vehumet [*.....]
Gold:   12         SH:  0    Dex: 15    Spells: 1/2 levels left

rFire    . . .     SeeInvis .   a - +0 long sword
rCold    . . .     Faith    .   (no shield)
rNeg     . . .     Spirit   .   b - +0 leather armour
rPois    .         Reflect  .   c - +0 helmet
rElec    .         Harm     .   (no cloak)
rCorr    .         Rampage  .   (no gloves)
Will     .....                  (no boots)
Stlth    +.........             (no amulet)
HPRegen  0.09/turn              (no ring)
MPRegen  0.08/turn              (no ring)

@: lethally poisoned (-1 -> -8)
A: no striking features
a: Renounce Religion


You were on level 2 of the Dungeon.
You worshipped Vehumet.
Vehumet was aware of your devotion.
You visited 1 branch of the dungeon, and saw 2 of its levels.

You collected 12 gold pieces.

Inventory:

Hand Weapons
 a - a +0 long sword (weapon)
Missiles
 g - 5 silver javelins
Armour
 b - a +0 leather armour (worn)
 c - a +0 helmet (worn)
Scrolls
 f - a scroll of fog {unknown}
 h - a scroll of summoning {unknown}


   Skills:
 + Level 2.1 Fighting
 + Level 3.3 Long Blades
 + Level 2.4 Throwing
 + Level 0.3 Armour
 * Level 3.4 Dodging
 * Level 0.1 Spellcasting


You had one spell level left.
You knew the following spells:

 Your Spells              Type           Power      Damage    Failure   Level
a - Shock                 Conj/Air       0%         1d3       50%         1

Your spell library contained the following spells:

 Spells                   Type           Power      Damage    Failure   Level


Dungeon Overview and Level Annotations

Branches:
Dungeon (2/15)

Altars:
Vehumet


Message History

You feel sick. The adder barely misses you.
You riposte.
You miss the adder.
The adder is lightly wounded.
The adder bites you but does no damage.
You hit the adder.
The adder is moderately wounded.
You feel sick. The adder closely misses you. The adder barely misses you.
You riposte.
You hit the adder.
The adder is almost dead.
You closely miss the adder.
The adder is almost dead.
You feel sick.
You are no longer poisoned.
The adder closely misses you.
You closely miss the adder.
The adder is almost dead.
The adder bites you.
You are poisoned.
The adder poisons you! The adder bites you.
You are more poisoned.
The adder poisons you!
You completely miss the adder.
The adder is almost dead.
You feel very sick. The adder bites you.
You barely miss the adder.
The adder is almost dead.
* * * LOW HITPOINT WARNING * * *
You feel sick. The adder bites you.
* * * LOW HITPOINT WARNING * * *
You are more poisoned.
The adder poisons you! The adder bites you but does no damage.
You slash the adder!
You kill the adder!
Vehumet accepts your kill.
* * * LOW HITPOINT WARNING * * *
You feel very sick.
It was a potion of magic.
Magic courses through your body.
* * * LOW HITPOINT WARNING * * *
You feel sick.
You die...

#.# #.# #.# .#
#.# .#
#.#####.####.#
#............##
#....<.....###
#@#........
#.......#
###.....#
#.....# ###.###
#<# #.# ...
##.##


There were no monsters in sight!

Vanquished Creatures
  An adder (D:2)
  2 dart slugs (D:1)
  2 endoplasms (D:1)
  A giant cockroach (D:1)
  3 goblins (D:1)
  3 hobgoblins (D:1)
  A bat (D:1)
  A frilled lizard (D:1)
  A rat (D:1)
15 creatures vanquished.

Notes
Turn   | Place    | Note
-------+----------+-------------------------------------------
     0 | D:1      | horus123 the Human Gladiator began the quest for the Orb.
     0 | D:1      | Reached XP level 1. HP: 16/16 MP: 1/1
   319 | D:1      | Reached XP level 2. HP: 5/22 MP: 2/2
   932 | D:1      | Reached XP level 3. HP: 4/27 MP: 3/3
  1346 | D:1      | Found a faded altar of an unknown god.
  1360 | D:1      | Became a worshipper of Vehumet
  1360 | D:1      | Reached * piety under Vehumet
  1360 | D:1      | Offered knowledge of Shock by Vehumet.
  1363 | D:1      | Learned a level 1 spell: Shock
  1434 | D:2      | HP: 1/27 [poisoned by an adder]
  1435 | D:2      | Succumbed to an adder's poison

Illustrated notes

Levels and vault maps discovered:
D:1:      scummos_arrival_simple_fountains, layout_basic,
          shapermc_ecumenical_altar_mp_highgroup
D:2:      layout_loops_ring, basic_altar

Action                   || total
-------------------------++-------
Melee: Long sword        ||    35
Throw: Throwing net      ||     6
 Cast: Shock             ||     1
  Use: Potion            ||     1
 Stab: Sleeping          ||     1
Armor: Leather armour    ||    14
Dodge: Dodged            ||    33
       Rpst.: Long sword ||    16
